 Dungeon Crawl Stone Soup version 0.23-a0-705-g0e654d2 (webtiles) character file.

43 zishaf the Caller (level 3, -2/26 HPs)
             Began as a Barachi Summoner on Jan 15, 2019.
             Slain by a hobgoblin
             ... wielding a +0 club
              (5 damage)
             ... on level 2 of the Dungeon.
             The game lasted 00:04:24 (1922 turns).

zishaf the Caller (Barachi Summoner)                Turns: 1922, Time: 00:04:24

Health: -2/26      AC:  6    Str:  9    XL:     3   Next: 58%
Magic:  1/7        EV: 16    Int: 16    God:
Gold:   69         SH:  0    Dex: 17    Spells: 4/7 levels left

rFire    . . .     SeeInvis .   n - +1 short sword (speed)
rCold    . . .     Gourm    .   (no shield)
rNeg     . . .     Faith    .   j - +0 ring mail
rPois    .         Spirit   .   m - +0 helmet
rElec    .         Reflect  .   (no cloak)
rCorr    .         Harm     .   (no gloves)
MR       .....                  (no boots)
Stlth    ++........             (no amulet)
HPRegen  0.08/turn              (no ring)
MPRegen  0.10/turn              (no ring)

@: agile, can't hop, slow
A: +LOS, swims, slowness 1, strong legs 1
a: Hop


You were on level 2 of the Dungeon.
You were hungry.

You visited 1 branch of the dungeon, and saw 2 of its levels.

You collected 69 gold pieces.

Inventory:

Hand Weapons
 n - a +1 short sword of speed (weapon)
Missiles
 b - 20 stones (quivered)
Armour
 j - a +0 ring mail (worn)
 m - a +0 helmet (worn)
Scrolls
 a - a scroll of identify
 e - a scroll of magic mapping
 f - a scroll of fear {unknown}
 h - a scroll of enchant weapon {unknown}
 k - a scroll of remove curse {unknown}
 l - a scroll of enchant armour {unknown}
Potions
 d - a potion of heal wounds {unknown}
 g - a potion of curing {unknown}
 p - a potion of invisibility {unknown}
Comestibles
 c - 3 rations


   Skills:
 + Level 1.6 Fighting
 + Level 2.8 Dodging
 - Level 1.7 Stealth
 + Level 2.6 Spellcasting
 + Level 5.2 Summonings


You had 4 spell levels left.
You knew the following spells:

 Your Spells              Type           Power        Failure   Level  Hunger
a - Summon Small Mammal   Summ           ###.         6%          1    #......
b - Call Imp              Summ           ###.....     10%         2    ##.....

Your spell library contained the following spells:

 Spells                   Type           Power        Failure   Level  Hunger
 Call Canine Familiar     Summ           ###.....     19%         3    ###....
 Summon Guardian Golem    Hex/Summ       ##......     50%         3    ###....
 Summon Ice Beast         Ice/Summ       ##......     88%         4    #####..
 Summon Lightning Spire   Summ/Air       ##......     88%         4    #####..


Dungeon Overview and Level Annotations

Branches:
Dungeon (2/15)

Altars:


Innate Abilities, Weirdness & Mutations

Shadows flee at your approach. (+LOS)
You can swim through water.
You cover ground slowly.
You can hop short distances.


Message History

The hobgoblin hits you but does no damage.
You feel agile all of a sudden.
An orc comes into view. It is wielding a +0 hand axe.
The hobgoblin barely misses you.
You closely miss the hobgoblin. You hit the hobgoblin but do no damage.
The hobgoblin hits you.
* * * LOW HITPOINT WARNING * * *
The hobgoblin completely misses you.
You barely miss the hobgoblin. The hobgoblin completely misses you.
You hit the hobgoblin.
The hobgoblin is heavily wounded.
The hobgoblin hits you but does no damage.
You hit the hobgoblin.
The hobgoblin is almost dead.
The hobgoblin barely misses you. The hobgoblin hits you with a +0 club.
* * * LOW HITPOINT WARNING * * *
As you read the scroll labeled ZESASU WUVEA, it crumbles to dust.
You feel aware of your surroundings.
It was a scroll of magic mapping.
The hobgoblin closely misses you. The hobgoblin hits you with a +0 club.
You die...

#.#.#,,,,,#.....#.##..g....
#.#.#,,***#.###.#..#..#####
#.#.#,,* #.# #.####5>.5...
#.#.#,,* #.###.........###
*,#.#.,***#........5.......
*,,,#..,,,......#..####.###
*,***,..,*#####.#.g#....#
*,* ***#.######.#..#.#..#
*,* #og@gSgg5.<<.....# ***
########.#....#.##
#.#....#.# # #.##...#.# #
#.#......# # #.#.######
#...,* #.##** *##


You could see 2 gnolls, an orc, 2 hobgoblins, a ball python and a friendly
crimson imp.

Vanquished Creatures
  2 leopard geckos
  2 giant cockroaches (D:1)
  3 hobgoblins
  A quokka (D:2)
  A ball python (D:2)
  3 bats
  A frilled lizard (D:2)
  3 kobolds (D:2)
16 creatures vanquished.

Vanquished Creatures (collateral kills)
  A gnoll (D:2)
  3 worms (D:2)
  A dart slug (D:1)
  A giant cockroach (D:2)
  3 goblins
  3 hobgoblins (D:1)
  3 kobolds
  A bat (D:1)
  A frilled lizard (D:1)
  3 rats (D:1)
20 creatures vanquished.

Grand Total: 36 creatures vanquished

Notes
Turn   | Place    | Note
-------+----------+-------------------------------------------
     0 | D:1      | zishaf the Barachi Summoner began the quest for the Orb.
     0 | D:1      | Reached XP level 1. HP: 13/13 MP: 3/3
   254 | D:1      | Reached skill level 5 in Summonings
   254 | D:1      | Reached XP level 2. HP: 2/20 MP: 0/5
   642 | D:1      | Learned a level 2 spell: Call Imp
   653 | D:1      | Reached skill level 1 in Fighting
  1186 | D:2      | Reached XP level 3. HP: 26/26 MP: 6/6
  1922 | D:2      | Slain by a hobgoblin

Vault maps used:
D:1:      wander_arrival_peaceful_grave
D:2:      kennysheep_generic_room_10

Skill      XL: |  1  2 |
---------------+-------+-----
Summonings     | 5 |  5.2
Fighting       | 1 |  1.6
Dodging        | |  2.8
Stealth        | |  1.7
Spellcasting   | |  2.6

Action                   || total
-------------------------++-------
Melee: Dagger            ||    29
       Club              ||     5
       Short sword       ||    65
 Cast: Summon Small Mamm ||    18
       Call Imp          ||    22
 Abil: Hop               ||     1
  Use: Scroll            ||     2
       Potion            ||     1
 Stab: Distracted        ||     2
  Eat: Chunk             ||     5
Armor: Robe              ||    13
       Ring mail         ||    30
Dodge: Dodged            ||    77

Table legend:
 A = Non-vault XP
 B = Vault XP
 C = Vault XP percentage of total XP
 D = Non-vault monster count
 E = Vault monster count
 F = Vault count percentage of total count
                 A         B        C        D         E       F
            +---------+---------+-------+---------+---------+-------
      Total |      62 |       0 |   0.0 |      36 |       0 |   0.0
            +---------+---------+-------+---------+---------+-------
        D:1 |      26 |       0 |   0.0 |      18 |       0 |   0.0
        D:2 |      36 |       0 |   0.0 |      18 |       0 |   0.0
            +---------+---------+-------+---------+---------+-------
